AoeStats
← Her0

Arabia

508190772Analyzed
2v2 RM · 12d ago on Sep 21, 2026· 41m 11s· 4 players
Game mode
Random Map
Map size
Medium (4 player)
Population
200
Speed
Normal
Resources
Standard
Victory
Conquest
Starting age
Dark Age
Ending age
Imperial Age
RankedLock teamsTeams togetherTeam positionsShared explorationLock speedFull tech treeHidden civsTurbo modeCheats
Victory
Defeat
🇯🇵 Franks · Japan
1133
+16
🇫🇷 Maya · France
1124
+17
🇪🇸 Magyars · Spain
1215
-20
🇪🇸 Britons · Spain
1060
-13
KissMyAxe
0:34 Loom
8:49 Feudal Age
13:20 Fletching
22:37 Castle Age
20:46 Double-Bit Axe
20:44 Horse Collar
20:57 Gold Mining
21:50 Scale Mail Armor
22:45 Crossbowman
24:11 Heavy Plow
25:04 Wheelbarrow
25:53 Thumb Ring
25:50 Padded Archer Armor
26:13 Eagle Warrior
29:08 Ballistics
32:54 Hand Cart
33:04 Bodkin Arrow
kazeleon
7:29 Loom
9:48 Feudal Age
19:43 Castle Age
20:22 Forging
20:27 Husbandry
20:21 Double-Bit Axe
21:01 Scale Barding Armor
31:25 Chain Barding Armor
32:14 Gold Mining
32:37 Bow Saw
32:18 Stone Mining
38:43 Imperial Age
36:02 Town Watch
36:52 Wheelbarrow
37:42 Iron Casting
39:33 Cavalier
Riven
7:32 Loom
9:48 Feudal Age
10:37 Double-Bit Axe
10:56 Horse Collar
22:38 Castle Age
21:05 Scale Barding Armor
21:49 Scale Mail Armor
22:40 Bloodlines
23:58 Bow Saw
23:45 Pikeman
28:58 Heavy Plow
34:12 Chain Mail Armor
35:54 Chain Barding Armor
37:04 Wheelbarrow
41:12 Husbandry
Her0
6:29 Loom
10:04 Feudal Age
11:45 Double-Bit Axe
16:45 Gold Mining
20:21 Man-at-Arms
26:22 Castle Age
39:28 Elite Skirmisher
Connection lost

Rejoining the realm…

Still unreachable

The connection could not be restored.

Session expired

The server has moved on; the page needs a fresh start.